 Dungeon Crawl Stone Soup version 0.28-a0-535-g6f645e4c1d (webtiles) character file.

Game seed: 12320561461141734328

1211 heikuro the Chopper (level 8, -5/64 HPs)
             Began as a Formicid Fighter on Sept 26, 2021.
             Slain by a boulder beetle (40 damage)
             ... on level 6 of the Dungeon.
             The game lasted 00:08:03 (6341 turns).

heikuro the Chopper (Formicid Fighter)              Turns: 6341, Time: 00:08:03

Health: -5/64      AC: 11    Str: 22    XL:     8   Next: 74%
Magic:  8/8        EV:  9    Int:  9    God:
Gold:   211        SH:  4    Dex: 10    Spells: 7/7 levels left

rFire   . . .      SeeInvis +   a - +0 war axe
rCold   . . .      Faith    .   c - +0 buckler
rNeg    . . .      Spirit   .   d - +4 scale mail {Will+}
rPois   .          Reflect  .   (helmet unavailable)
rElec   .          Harm     .   b - scarf {shadows}
rCorr   .          Rampage  .   (no gloves)
Will    +....                   (no boots)
Stlth   ..........              (no amulet)
HPRegen 0.20/turn               (no ring)
MPRegen 0.11/turn               (no ring)

@: no status effects
A: permanent stasis, dig shafts and tunnels, antennae 3, four strong arms
a: Dig, Shaft Self


You were on level 6 of the Dungeon.
You visited 1 branch of the dungeon, and saw 6 of its levels.

You collected 211 gold pieces.

Inventory:

Hand Weapons
 a - a +0 war axe (weapon)
 n - a +1 dagger of electrocution
Missiles
 f - 74 sling bullets
 l - 27 poisoned darts (quivered)
Armour
 b - a scarf of shadows (worn)
 c - a +0 buckler (worn)
 d - a +4 scale mail of willpower (worn)
Wands
 e - a wand of acid (8)
Scrolls
 g - a scroll of magic mapping {unknown}
 o - a scroll of noise {unknown}
 q - a scroll of acquirement {unknown}
 r - a scroll of blinking {unknown}
 s - a scroll of brand weapon {unknown}
 t - a scroll of identify
 u - a scroll of amnesia {unknown}
 v - a scroll of enchant armour {unknown}
Potions
 h - a potion of mutation
 i - a potion of ambrosia
 k - 4 potions of flight
 m - a potion of might
 p - a potion of invisibility


   Skills:
 + Level 6.0 Fighting
 * Level 6.8 Axes
 + Level 6.0 Armour
 - Level 3.6 Shields
 + Level 3.5 Evocations


You had 7 spell levels left.
You didn't know any spells.
Your spell library was empty.

Dungeon Overview and Level Annotations

Branches:
Dungeon (6/15)
 Temple: D:4-7

Altars:
Dithmenos

Shops:
D:2 =   D:4 =   D:5 =


Innate Abilities, Weirdness & Mutations

You cannot be hasted, slowed, berserked, paralysed or teleported.
You can dig through walls and to a lower floor.
You have a pair of large antennae on your head. (SInv)
Your four strong arms can wield two-handed weapons with a shield.


Message History

No target in view!
Things that are here:
a +0 hand axe; a +1 short sword of protection
There is a stone staircase leading down here.
You climb downwards.
There is a stone staircase leading up here.
You open the door.
Found 10 gold pieces.
There is an open door here.
You now have 196 gold pieces (gained 10).
Found a leather armour.
Found a scroll labelled NUCOHOE BYCKYIF.
Found a stone staircase leading up.
v - a scroll labelled NUCOHOE BYCKYIF
Okay, then.
Unknown command.
As you read the scroll labelled ATZURR BATENAGYI, it crumbles to dust.
You feel a strange sense of stasis.
It was a scroll of teleportation.
Drop what? 22/52 slots (_ for help) (? for menu, Esc to quit)
You drop 2 scrolls of teleportation.
You now have 211 gold pieces (gained 15).
The hound barks!
You hear a shout!
An orc priest comes into view. It is wielding a +0 mace.
The orc priest shouts!
The orc shouts!
You hear a shout! x2
The hound bites you. x2
The hound closely misses you.
An orc wizard comes into view. It is wielding a +0 dagger.
The hound bites you. The hound barely misses you.
The boulder beetle leaps!
The orc priest mumbles some strange prayers to Beogh against you.
Beogh smites you!
The orc priest mumbles some strange prayers to Beogh against you.
Beogh smites you! The hound barely misses you. The hound barely misses you.
The boulder beetle curls into a ball and begins rolling!
The hound bites you but does no damage. The hound barely misses you.
The boulder beetle hits you!!!
Ouch! That really hurt!
You die...

#.##.##########.........
........................
..........##........###.#
.........................
#.#..##...##..##.#..###.#
#+#..##.####..##..?.###
......... ......<.....#
....###.##.#..##...##.#.
.B. ... ......@.......
#+#.###.##.#..##hB.......
..................○......
#.#.)............°..###+
#.#.##B).#)..##..o#.###.
.............##.........
.....ho.........o.......
#.#....o...........°##..
......<....#.###....##..


You could see a boulder beetle (rolling), a hound, an orc wizard and an orc.

Vanquished Creatures
  An orc warrior (D:5)
  3 black bears
  A necrophage (D:4)
  An ogre (D:5)
  A scorpion (D:5)
  A water moccasin skeleton (D:3)
  A howler monkey (D:4)
  A hound (D:4)
  A bullfrog skeleton (D:6)
  4 orc priests (D:5)
  Jessica (D:2)
  2 iguanas (D:5)
  3 orc wizards
  Terence (D:2)
  3 gnolls (D:3)
  2 adders
  A worm (D:4)
  2 dart slugs
  19 orcs
  4 ball pythons
  14 endoplasms
  4 giant cockroaches
  9 goblins
  5 hobgoblins
  4 quokkas
  10 bats
  6 frilled lizards
  4 kobolds
  7 rats
  A bush (D:3)
117 creatures vanquished.

Notes
Turn   | Place    | Note
-------+----------+-------------------------------------------
     0 | D:1      | heikuro the Formicid Fighter began the quest for the Orb.
     0 | D:1      | Reached XP level 1. HP: 18/18 MP: 1/1
   106 | D:1      | Found a faded altar of an unknown god.
   244 | D:1      | Reached XP level 2. HP: 24/24 MP: 2/2
   450 | D:1      | Reached XP level 3. HP: 27/29 MP: 3/3
   876 | D:2      | Found Jeutaqob's Jewellery Shoppe.
  1120 | D:2      | Reached XP level 4. HP: 6/37 MP: 4/4
  1682 | D:2      | Noticed Jessica
  1683 | D:2      | Noticed Terence
  1690 | D:2      | Killed Terence
  1691 | D:2      | Killed Jessica
  1692 | D:2      | Reached XP level 5. HP: 32/42 MP: 5/5
  2573 | D:3      | Reached XP level 6. HP: 29/49 MP: 6/6
  3913 | D:4      | Noticed a necrophage
  3941 | D:4      | Killed a necrophage
  3942 | D:4      | Reached skill level 5 in Axes
  3942 | D:4      | Reached skill level 1 in Evocations
  3942 | D:4      | Reached XP level 7. HP: 50/55 MP: 7/7
  3992 | D:4      | Reached skill level 5 in Fighting
  3992 | D:4      | Reached skill level 5 in Armour
  4453 | D:4      | Found Ivahiog's Jewellery Shoppe.
  4596 | D:5      | Entered Level 5 of the Dungeon
  4765 | D:5      | Reached XP level 8. HP: 54/63 MP: 8/8
  5332 | D:5      | Found Xeadgh's Jewellery Shop.
  5575 | D:5      | Found a shadowy altar of Dithmenos.
  6203 | D:6      | Noticed a boulder beetle
  6341 | D:6      | Slain by a boulder beetle

Illustrated notes

Levels and vault maps discovered:
D:1:      minmay_arrival_hallway, layout_basic,
          chequers_ecumenical_altar_island, supply_closet_lemuel
D:2:      layout_loops_corners, serial_shops, shop, minmay_heptomino_o4,
          uniq_terence, uniq_jessica
D:3:      layout_loops_corners, kennysheep_flooded_box, grunt_ministairs_13,
          minmay_hedge_maze
D:4:      layout_loops_corners, serial_shops, kennysheep_mini_moat,
          kennysheep_generic_room_11
D:5:      layout_loops_cross, grunt_dithmenos_smoke_and_mirrors, serial_shops,
          nicolae_shop_window_shopping
D:6:      layout_basic, minmay_temple_entry_sparse_star

Skill      XL: |  1  2  3  4  5  6  7  8 |
---------------+-------------------------+-----
Axes           | 3 4 5 6 |  6.8
Fighting       | 4 5 6 |  6.0
Armour         | 4 5 6 |  6.0
Evocations     | 1 2 3 |  3.5
Shields        | |  3.6

Action                   |  1- 3 |  4- 6 |  7- 9 || total
-------------------------+-------+-------+-------++-------
Melee: War axe           |    81 |   173 |    67 ||   321
       Dagger            |       |       |    70 ||    70
Throw: Dart              |       |       |     3 ||     3
 Abil: Dig               |       |     1 |       ||     1
  Use: Potion            |       |     1 |       ||     1
       Scroll            |       |     3 |     1 ||     4
Armor: Scale mail        |    44 |    43 |    59 ||   146
       Chain mail        |    10 |    14 |       ||    24
Dodge: Dodged            |    42 |    67 |    74 ||   183
Block: Buckler           |    36 |    28 |    26 ||    90

Table legend: (Time is in decaauts)
 A = Elapsed time spent in this place.
 B = Non-inter-level travel time spent in this place.
 C = Inter-level travel time spent in this place.
 D = Time resting spent in this place.
 E = Time spent auto-exploring this place.
 F = Levels seen in this place.
 G = Mean time per level.
                   A        B        C        D        E       F      G
               +--------+--------+--------+--------+--------+-----+--------+
         Total |   6441 |   6185 |    256 |   1297 |   3341 |   6 | 1073.5 |
       Dungeon |   6441 |   6185 |    256 |   1297 |   3341 |   6 | 1073.5 |
               +--------+--------+--------+--------+--------+-----+--------+

Top non-repeatable levels by time:
     D:5: 1547 daAuts
     D:2: 1359 daAuts
     D:3: 1313 daAuts
     D:4: 1135 daAuts
     D:1: 904 daAuts
     D:6: 180 daAuts
